 Dungeon Crawl Stone Soup version 0.28.0-45-g0d030f2227 (webtiles) character file.

Game seed: 3066508368411999880

18 bobregger the Skirmisher (level 2, -2/33 HPs)
             Began as an Ogre Berserker on Apr 2, 2022.
             Was a Follower of Trog.
             Slain by a gnoll
             ... wielding a +0 spear
              (8 damage)
             ... on level 1 of the Dungeon on Apr 6, 2022.
             The game lasted 00:01:08 (540 turns).

bobregger the Skirmisher (Ogre Berserker)            Turns: 540, Time: 00:01:09

Health: -2/33      AC:  3    Str: 20    XL:     2   Next: 70%
Magic:  2/2        EV: 10    Int:  8    God:    Trog [*.....]
Gold:   0          SH:  0    Dex:  8    Spells: 1/1 levels left

rFire   . . .      SeeInvis .   a - +0 mace
rCold   . . .      Faith    .   (no shield)
rNeg    . . .      Spirit   .   b - +0 animal skin
rPois   .          Reflect  .   (helmet restricted)
rElec   .          Harm     .   (no cloak)
rCorr   .          Rampage  .   (gloves unavailable)
Will    .....                   (boots unavailable)
Stlth   +.........              (no amulet)
HPRegen 0.11/turn               (no ring)
MPRegen 0.08/turn               (no ring)

@: no status effects
A: large, unfitting armour, tough skin 1
a: Renounce Religion, Berserk


You were on level 1 of the Dungeon.
You worshipped Trog.
Trog was aware of your devotion.
You visited 1 branch of the dungeon, and saw 1 of its levels.

Inventory:

Hand Weapons
 a - a +0 mace (weapon)
Armour
 b - a +0 animal skin (worn)
Scrolls
 c - a scroll of brand weapon {unknown}


   Skills:
 + Level 4.5 Fighting
 + Level 2.8 Maces & Flails
 * Level 3.1 Dodging


You had one spell level left.
You didn't know any spells.
Your spell library was empty.

Dungeon Overview and Level Annotations

Branches:
Dungeon (1/15)

Altars:


Innate Abilities, Weirdness & Mutations

You are too large for most types of armour.
You have tough skin. (AC +1)


Message History

A goblin is nearby!
A goblin is nearby!
The goblin hits you with a +0 dagger.
You hit the goblin.
You kill the goblin!
Trog accepts your kill.
An endoplasm comes into view.
You see here a +0 dagger.
A gnoll comes into view. It is wielding a +0 spear.
The gnoll shouts!
The endoplasm hits you but does no damage.
The endoplasm freezes you.
You are frozen.
The gnoll barely misses you.
A ball python comes into view.
The endoplasm barely misses you. The gnoll closely misses you.
The ball python hisses angrily.
You see here a +0 dagger.
The endoplasm closely misses you.
You hit the endoplasm.
The endoplasm is heavily wounded.
The endoplasm hits you.
The gnoll hits you from afar with a +0 spear!
You sock the endoplasm!
You kill the endoplasm!
Trog accepts your kill. The gnoll barely misses you. The ball python bites you.
You completely miss the ball python.
The ball python bites you but does no damage.
The gnoll hits you from afar with a +0 spear!
You closely miss the ball python.
The ball python bites you but does no damage.
The gnoll hits you from afar with a +0 spear.
* * * LOW HITPOINT WARNING * * *
The ball python bites you.
* * * LOW HITPOINT WARNING * * *
You sock the ball python!
You kill the ball python!
Trog accepts your kill.
The gnoll hits you from afar with a +0 spear!
You die...

#.# ########.
#.#######.. .........
#......... .........
#..# #(. #.......
#(.# #.# #.##.#..
#.S# ##.## #.##.#..
#..###...## ##.......
#..##.#.#.###...>....
#.g†@.....(...#.#.#.#
##.##.#.#.### # #.#.#
#.##.)...###.+ +[#.#
#.##.#.#.....#+#.#.#
#.##.#.#............
#.##.#.#.###.#####..
.......#†# #........
♣♣♣#.###.###.#####..
♣.........# #..[.


You could see a gnoll.

Vanquished Creatures
  3 ball pythons (D:1)
  A bat (D:1)
  4 endoplasms (D:1)
  A giant cockroach (D:1)
  A goblin (D:1)
  2 hobgoblins (D:1)
  A kobold (D:1)
  A quokka (D:1)
  A rat (D:1)
15 creatures vanquished.

Vanquished Creatures (others)
  A plant (D:1)
1 creature vanquished.

Grand Total: 16 creatures vanquished

Notes
Turn   | Place    | Note
-------+----------+-------------------------------------------
     0 | D:1      | bobregger the Ogre Berserker began the quest for the Orb.
     0 | D:1      | Reached XP level 1. HP: 24/24 MP: 1/1
    32 | D:1      | Upgraded the game from 0.28.0-43-g3370ac3207 to
                  | 0.28.0-45-g0d030f2227
   222 | D:1      | Reached XP level 2. HP: 32/32 MP: 2/2
   540 | D:1      | Slain by a gnoll

Illustrated notes

Levels and vault maps discovered:
D:1:      pf_arrival_petrified_forest, layout_loops_ring, serial_shops,
          nicolae_shop_behind_doors, serial_forest, infiniplex_forest_end_1,
          infiniplex_forest_straight_2, infiniplex_forest_clump_cross,
          infiniplex_forest_lined_4_way, infiniplex_forest_side_room,
          infiniplex_forest_clump_double

Skill      XL: |  1 |
---------------+----+-----
Dodging        | 3 |  3.1
Fighting       | |  4.5
Maces & Flails | |  2.8

Action                   || total
-------------------------++-------
Melee: Mace              ||    44
Armor: Animal skin       ||    12
Dodge: Dodged            ||    23
